Unix NetHack Version 5.0.0-0 post-release - last build May  4 2026 22:22:43 (774f63e81ad911689b3a0859ea89b322d5daca8d,branch:main).

Game began 2026-05-07 15:40:29, ended 2026-05-08 16:15:38.

Conradmonkey, neutral male human Wizard

                                ---
                               |.@|
                           .----fh-
                          ...`..h..
                          ..........
                           -........
                            -.......
                           |........
                          --........
                          |........
                          |.......
                          |.---..
                          ---

Conradmonkey the Conjurer  St:10 Dx:13 Co:15 In:17 Wi:10 Ch:11  Neutral
Dlvl:4  $:232 HP:0(37) Pw:1(56) AC:8  Xp:5 T:4532 

Latest messages:
 You hit the hobgoblin.
 The hobgoblin hits!
 You hit the hobgoblin.
 The housecat drops a dagger.
 You kill the hobgoblin!
 Your housecat eats a hobgoblin corpse.
 A trap door opens up under you!
 What do you want to zap? [cu or ?*] u
 A lit field surrounds you!
 The bugbear picks up a gem.
 The bugbear zaps an aluminum wand!
 The magic missile whizzes by you!
 The magic missile bounces!
 The magic missile whizzes by you!
 You don't have enough energy to cast that spell.
 The dwarf throws a stout spear!
 You are hit by a stout spear.
 The dwarf wields a broad pick!
 The bugbear zaps a wand of magic missile!
 The magic missile hits you!
 The missiles bounce off!
 The bugbear picks up a stout spear.
 The dwarf wields a broad short sword!
 You hit the gnome lord.
 The bugbear throws a stout spear!
 The stout spear hits the gnome lord!
 The gnome lord hits!
 You kill the gnome lord!
 In what direction? 1
 The spell misses the bugbear.
 The bugbear picks up a black gem.
 What do you want to zap? [cu or ?*] c
 In what direction? 1
 The bugbear turns into a lynx!
 The lynx hits!
 The lynx hits again!
 The lynx bites!
 The dwarf thrusts his broad short sword.
 The dwarf hits!
 What do you want to zap? [cu or ?*] c
 In what direction? <esc>
 The wand of polymorph glows and fades.
 The lynx hits!
 The lynx hits again!
 The lynx bites!
 The dwarf thrusts his broad short sword.
 The dwarf hits!
 You die...
 Do you want your possessions identified? [ynq] (y) y
 Do you want to see your attributes? [ynq] (y) q

Inventory:
 Coins    ('$')
  $ - 232 gold pieces
 Weapons  (')')
  a - a blessed +0 quarterstaff (weapon in hands)
 Armor    ('[')
  b - a blessed +1 cloak of magic resistance (being worn)
 Comestibles  ('%')
  l - an uncursed food ration
  n - an uncursed tripe ration
 Scrolls  ('?')
  i - an uncursed scroll of magic mapping
 Spellbooks  ('+')
  k - an uncursed spellbook of clairvoyance
  p - an uncursed spellbook of detect monsters
  q - a blessed spellbook of force bolt
  g - an uncursed spellbook of healing
 Potions  ('!')
  h - an uncursed potion of fruit juice
 Rings    ('=')
  d - an uncursed ring of cold resistance (on left hand)
  e - an uncursed +1 ring of gain strength
 Wands    ('/')
  u - a wand of light (0:8)
  c - a wand of polymorph (1:5)
 Tools    ('(')
  j - an empty uncursed oilskin sack
  m - a magic marker (0:4)

Conradmonkey the Wizard's attributes:

Background:
 You were a Conjurer, a level 5 male human Wizard.
 You were neutral, on a mission for Thoth
 who was opposed by Ptah (lawful) and Anhur (chaotic).
 You started out female.
 You were right-handed.
 You were in the Gnomish Mines, on level 4.
 You entered the dungeon 4532 turns ago.
 You had 267 experience points, 53 more were needed to attain level 6.

Basics:
 You had 0 out of 37 hit points.
 You had 1 out of 56 energy points (spell power).
 Your armor class was 8.
 Your wallet contained 232 zorkmids.
 Autopickup was off.

Final Characteristics:
 Your strength was 10 (limit:18/100).
 Your dexterity was 13 (limit:18).
 Your constitution was 15 (limit:18).
 Your intelligence was 17 (limit:18).
 Your wisdom was 10 (limit:18).
 Your charisma was 11 (limit:18).

Final Status:
 You weren't hungry.
 You were unencumbered.
 You were wielding a quarterstaff.
 You had basic skill with quarterstaff.

Final Attributes:
 You were piously aligned.
 You were magic-protected.
 You were cold resistant.
 Your items were protected from cold.
 You were warded.
 You are dead.

Miscellaneous:
 You didn't encounter any bones levels.
 Total elapsed playing time was 57 minutes and 11 seconds.

Major events:
 Turn
    1: Conradmonkey the neutral female human Wizard entered the dungeon
 1639: attained the rank of Conjurer (level 3)
 1716: performed her first genocide (liches)
 4210: entered the Gnomish Mines
 4532: killed by a dwarf

Spells:
 Name                 Level Category     Fail Retention
 force bolt             1   attack         0%  91%-100%
 detect monsters        1   divination     0%  76%-100%
 healing                1   healing        0%  76%-100%
 clairvoyance           3   divination    88%  76%-100%

Skills:
 Fighting Skills
   bare handed combat [Unskilled]
   riding             [Unskilled]
 Weapon Skills
   dagger             [Unskilled]
   knife              [Unskilled]
   axe                [Unskilled]
   short sword        [Unskilled]
   club               [Unskilled]
   mace               [Unskilled]
   quarterstaff       [Basic]
   polearms           [Unskilled]
   spear              [Unskilled]
   trident            [Unskilled]
   sling              [Unskilled]
   dart               [Unskilled]
   shuriken           [Unskilled]
 Spellcasting Skills
   attack spells      [Basic]
   healing spells     [Unskilled]
   divination spells  [Unskilled]
   enchantment spells [Basic]
   clerical spells    [Unskilled]
   escape spells      [Unskilled]
   matter spells      [Unskilled]

Voluntary challenges:
 Character rerolling was not enabled.
 You genocided 1 type of monster.
 You never changed form.
 You used no wishes.
Achievements:
 You attained the rank of Conjurer.
 You entered a shop.
 You entered the Gnomish Mines.

 The Dungeons of Doom: levels 1 to 3
    Level 1:
       A sink.
    Level 2:
       A general store.
       Stairs down to The Gnomish Mines.
    Level 3:
       A general store, a fountain.
 The Gnomish Mines: levels 3 to 4
    Level 3:
    Level 4: <- You were here.
       Final resting place for
          you, killed by a dwarf.


Vanquished creatures:
  a small mimic
  2 gnome leaders
  a floating eye
  a kitten
  2 dwarves
  a giant bat
 an orc zombie
  a wererat
  2 iguanas
  a gas spore
  a large kobold
  2 hobgoblins
  3 giant rats
  a cave spider
  a brown mold
  9 gnomes
  a gnome zombie
  2 geckos
 10 jackals
  5 foxes
  2 kobolds
  3 goblins
 10 sewer rats
  5 grid bugs
  2 bats
  7 lichens
  4 kobold zombies
  6 newts
87 creatures vanquished.

Genocided species:
 liches
1 species genocided.

Game over:
                       ----------
                      /          \
                     /    REST    \
                    /      IN      \
                   /     PEACE      \
                  /                  \
                  |   Conradmonkey   |
                  |      232 Au      |
                  |   killed by a    |
                  |      dwarf       |
                  |                  |
                  |                  |
                  |       2026       |
                 *|     *  *  *      | *
        _________)/\\_//(\/(/\)/\//\/|_)_______

Goodbye Conradmonkey the Wizard...

You died in The Gnomish Mines on dungeon level 4 with 1457 points,
and 232 pieces of gold, after 4532 moves.
You were level 5 with a maximum of 37 hit points when you died.

